 Dungeon Crawl Stone Soup version 0.28-a0-1348-g050f3537b9 (webtiles) character file.

Game seed: 7632398259819482658

74 milly the Shield-Bearer (level 4, -2/29 HPs)
             Began as a Gargoyle Fighter on Dec 30, 2021.
             Slain by a gnoll (4 damage)
             ... on level 3 of the Dungeon.
             The game lasted 00:02:01 (1363 turns).

milly the Shield-Bearer (Gargoyle Fighter)          Turns: 1363, Time: 00:02:02

Health: -2/29      AC: 11    Str: 21    XL:     4   Next: 28%
Magic:  4/4        EV:  9    Int:  9    God:
Gold:   57         SH:  4    Dex:  9    Spells: 3/3 levels left

rFire   . . .      SeeInvis .   a - +0 trident
rCold   . . .      Faith    .   c - +0 buckler
rNeg    + . .      Spirit   .   b - +0 scale mail
rPois   ∞          Reflect  .   (no helmet)
rElec   +          Harm     .   (no cloak)
rCorr   .          Rampage  .   (no gloves)
Will    .....                   h - +0 pair of boots
Stlth   ..........              (no amulet)
HPRegen 0.09/turn               (no ring)
MPRegen 0.09/turn               (no ring)

@: no status effects
A: sickness immunity, AC +3, negative energy resistance 1, electricity
resistance, torment resistance 1, petrification resistance
a: no special abilities


You were on level 3 of the Dungeon.
You visited 1 branch of the dungeon, and saw 3 of its levels.

You collected 57 gold pieces.

Inventory:

Hand Weapons
 a - a +0 trident (weapon)
Armour
 b - a +0 scale mail (worn)
 c - a +0 buckler (worn)
 h - a +0 pair of boots (worn)
Scrolls
 g - 2 scrolls of teleportation {unknown}
 i - a scroll of identify {unknown}
 k - a scroll of summoning {unknown}
 l - a scroll of holy word {unknown}
 m - a scroll of blinking {unknown}
 n - a scroll of vulnerability {unknown}
Potions
 d - a potion of might
 e - 2 potions of attraction {unknown}
 f - a potion of heal wounds {unknown}
 j - a potion of resistance {unknown}


   Skills:
 + Level 4.0 Fighting
 + Level 2.4 Polearms
 + Level 3.9 Armour
 + Level 4.0 Shields


You had 3 spell levels left.
You didn't know any spells.
Your spell library was empty.

Dungeon Overview and Level Annotations

Branches:
Dungeon (3/15)

Altars:
Dithmenos


Innate Abilities, Weirdness & Mutations

You are immune to sickness and miasma.
Your stone body is resilient. (AC +3)
You are immune to poison.
You resist negative energy. (rN+)
You are resistant to electric shocks. (rElec)
You are resistant to unholy torment.
You are immune to petrification.


Message History

You are too injured to fight recklessly!
You are too injured to fight recklessly!
You are too injured to fight recklessly!
You are too injured to fight recklessly!
You are too injured to fight recklessly!
You are too injured to fight recklessly!
You are too injured to fight recklessly!
You are too injured to fight recklessly!
You are too injured to fight recklessly!
You are too injured to fight recklessly!
You are too injured to fight recklessly!
You are too injured to fight recklessly!
You are too injured to fight recklessly!
You are too injured to fight recklessly!
You are too injured to fight recklessly!
You are too injured to fight recklessly!
You are too injured to fight recklessly!
You are too injured to fight recklessly!
You are too injured to fight recklessly!
You are too injured to fight recklessly!
You are too injured to fight recklessly!
You are too injured to fight recklessly!
You are too injured to fight recklessly!
You hit the gnoll.
You kill the gnoll!
The gnoll hits you but does no damage.
Your Fighting skill increases to level 4!
Your Shields skill increases to level 4!
The gnoll hits you with a +0 spear.
* * * LOW HITPOINT WARNING * * *
Things that are here:
a +0 flail; a +0 club; a gnoll corpse You barely miss the gnoll.
The gnoll is lightly wounded.
The gnoll hits you with a +0 spear.
* * * LOW HITPOINT WARNING * * *
You puncture the gnoll!
The gnoll is severely wounded.
The gnoll barely misses you. The gnoll hits you with a +0 spear.
You die...

.# #.# ... #
..# #. #.#
#..## #.#
#....##.##
#....@...#
.....#g##..#
### #. #..#
.... #(†#
.#..##..#
###
........#
#..
##..###.#
#.# #.. #.#
#.#
#.######.#


You could see a gnoll.

Vanquished Creatures
  An adder (D:3)
  2 gnolls (D:3)
  3 worms
  A dart slug (D:1)
  2 endoplasms
  2 giant cockroaches (D:1)
  4 goblins
  5 hobgoblins
  3 ball pythons
  5 bats
  2 frilled lizards
  5 kobolds
  A rat (D:1)
36 creatures vanquished.

Notes
Turn   | Place    | Note
-------+----------+-------------------------------------------
     0 | D:1      | milly the Gargoyle Fighter began the quest for the Orb.
     0 | D:1      | Reached XP level 1. HP: 14/14 MP: 1/1
   151 | D:1      | Found a faded altar of an unknown god.
   175 | D:1      | Reached XP level 2. HP: 19/19 MP: 2/2
   698 | D:1      | Reached XP level 3. HP: 23/23 MP: 3/3
   874 | D:2      | Found a shadowy altar of Dithmenos.
  1352 | D:3      | Reached XP level 4. HP: 27/29 MP: 4/4
  1363 | D:3      | Slain by a gnoll

Illustrated notes

Levels and vault maps discovered:
D:1:      arrival_zaba_pyramid, layout_basic,
          shapermc_ecumenical_altar_acropolis
D:2:      layout_rooms, basic_altar, kennysheep_generic_room_15
D:3:      layout_loops_ring, overflow_temple_1_default, lemuel_round_altar,
          serial_shops, nicolae_shop_hallway_stairs

Skill      XL: |  1  2  3  4 |
---------------+-------------+-----
Polearms       | 2 |  2.4
Fighting       | 4 |  4.0
Shields        | 4 |  4.0
Armour         | |  3.9

Action                   |  1- 3 |  4- 6 || total
-------------------------+-------+-------++-------
Melee: Trident           |   117 |    11 ||   128
Armor: Scale mail        |    52 |     2 ||    54
Dodge: Dodged            |    32 |    10 ||    42
Block: Buckler           |    17 |     5 ||    22

Table legend: (Time is in decaauts)
 A = Elapsed time spent in this place.
 B = Non-inter-level travel time spent in this place.
 C = Inter-level travel time spent in this place.
 D = Time resting spent in this place.
 E = Time spent auto-exploring this place.
 F = Levels seen in this place.
 G = Mean time per level.
                   A        B        C        D        E       F      G
               +--------+--------+--------+--------+--------+-----+--------+
         Total |   1388 |   1362 |     26 |      0 |   1074 |   3 |  462.7 |
       Dungeon |   1388 |   1362 |     26 |      0 |   1074 |   3 |  462.7 |
               +--------+--------+--------+--------+--------+-----+--------+

Top non-repeatable levels by time:
     D:1: 801 daAuts
     D:2: 520 daAuts
     D:3: 66 daAuts
